 Dungeon Crawl Stone Soup version 0.28-a0-194-g42b4daccc1 (webtiles) character file.

Game seed: 9505285877480266459

1097 Nattfarinn the Grave Robber (level 8, 0/67 HPs)
             Began as a Deep Dwarf Necromancer on Aug 18, 2021.
             Was an Initiate of Makhleb.
             Killed by divine providence
             ... invoked by an orc priest
              (10 damage)
             ... on level 5 of the Dungeon.
             The game lasted 00:11:58 (3948 turns).

Nattfarinn the Grave Robber (DDNe)                  Turns: 3948, Time: 00:12:00

Health: 0/67       AC:  6    Str: 13    XL:     8   Next: 10%
Magic:  14/17      EV: 13    Int: 20    God:    Makhleb [......]
Gold:   221        SH:  0    Dex: 13    Spells: 15/19 levels left

rFire   . . .      SeeInvis +   n - +0 short sword (venom)
rCold   . . .      Faith    .   (no shield)
rNeg    . . .      Spirit   .   r - +0 troll leather armour {Purgy}
rPois   .          Reflect  .   t - +1 helmet {Int+3}
rElec   .          Harm     .   (no cloak)
rCorr   .          Rampage  .   (no gloves)
Will    +....                   (no boots)
Stlth   ++........              d - amulet of magic regeneration
HPRegen 0.00/turn               c - ring of wizardry
MPRegen 0.40/turn               s - ring of see invisible

@: no status effects
A: damage resistance, heal wounds, sense surroundings 1, no regeneration
a: Heal Wounds, Renounce Religion


You were on level 5 of the Dungeon.
You worshipped Makhleb.
Makhleb was noncommittal.
You visited 2 branches of the dungeon, and saw 6 of its levels.

You collected 221 gold pieces.

Inventory:

Hand Weapons
 n - a +0 short sword of venom (weapon)
Armour
 a - a +0 robe
 r - a +0 troll leather armour (worn) {Purgy}
 t - a +1 helmet of intelligence (worn)
 w - a +0 crystal plate armour
Jewellery
 c - a ring of wizardry (left hand)
 d - an amulet of magic regeneration (around neck)
 j - a ring of fire
 s - a ring of see invisible (right hand)
Wands
 e - a wand of polymorph (3)
 q - a wand of iceblast (9)
 v - a wand of flame (20)
Scrolls
 b - a scroll of enchant weapon {unknown}
 g - 5 scrolls of identify {unknown}
 h - a scroll of enchant armour {unknown}
 i - a scroll of fog {unknown}
 k - a scroll of blinking
 m - a scroll of amnesia {unknown}
 o - 2 scrolls of teleportation {unknown}
 p - a scroll of acquirement {unknown}
Potions
 f - a potion of attraction


   Skills:
 + Level 1.8 Fighting
 * Level 3.5 Armour
 * Level 4.3 Dodging
 - Level 2.4 Stealth
 - Level 6.0 Spellcasting
 - Level 6.0 Necromancy


You had 15 spell levels left.
You knew the following spells:

 Your Spells              Type           Power      Damage    Failure   Level
a - Pain                  Necr           100%       1d9       1%          1
b - Vampiric Draining     Necr           15%        2d8       1%          3

Your spell library contained the following spells:

 Spells                   Type           Power      Damage    Failure   Level
 Animate Skeleton         Necr           60%        N/A       1%          1
 Animate Dead             Necr           15%        N/A       4%          4
 Agony                    Necr           30%        N/A       12%         5


Dungeon Overview and Level Annotations

Branches:
Dungeon (5/15)             Temple (1/1) D:4

Altars:
Ashenzari
Cheibriados
Elyvilon
Fedhas
Gozag
Kikubaaqudgha
Makhleb
Nemelex Xobeh
Ru
Sif Muna
Trog
Uskayaw
Wu Jian
Xom
Yredelemnul
Zin
The Shining One

Shops:
D:1 :

Annotations:
D:3 1 runed translucent door, hemabe71's ghost, amateur HuAr


Innate Abilities, Weirdness & Mutations

You are resistant to damage.
You can heal yourself by infusing magical energy.
You passively map a small area around you.
You do not regenerate.


Message History

Found 12 sling bullets.
Unknown command.
Found a stone staircase leading down.
You see here 12 sling bullets.
An adder skeleton comes into view.
You are too injured to fight recklessly!
You are too injured to fight recklessly!
The adder skeleton closely misses you.
You barely miss the adder skeleton. The adder skeleton misses you.
You closely miss the adder skeleton.
The adder skeleton bites you but does no damage.
You hit the adder skeleton.
The adder skeleton is heavily damaged.
The adder skeleton bites you.
* * * LOW HITPOINT WARNING * * *
You hit the adder skeleton but do no damage.
The adder skeleton is heavily damaged.
The adder skeleton closely misses you.
You hit the adder skeleton.
The adder skeleton is heavily damaged.
The adder skeleton barely misses you. The adder skeleton bites you.
You hit the adder skeleton.
The adder skeleton is severely damaged.
The adder skeleton closely misses you.
You hit the adder skeleton.
You destroy the adder skeleton!
Makhleb accepts your kill.
Found 12 stones. 2 orc priests come into view.
The orc priest closely misses you.
Casting: Vampiric Draining (safe; 1% risk of failure)
Confirm with . or Enter, or press ? or * to list all spells.
Aiming: Vampiric Draining (safe; 1% risk of failure)
Press: ? - help, Shift-Dir - straight line, f - orc priest
Aim: an orc priest, wielding a +0 flail and wearing a +0 leather armour You draw life force from the orc priest!
You feel life coursing into your body.
The orc priest mumbles some strange prayers to Beogh against you.
Beogh smites you!
You die...

.....#.# ,,,
.......# , , * ,
..##...#### * , ,
,, ..(.##....####*
, ,
.##.....#....#* *
#### *
.###....####.#
###...., , .#
#>...####.###...#*
* ##
#.............####
#
#....####....@..(#
, # #....#
###.o###......
#....#* * ##..#*
.##.. ###### .....
.., * * #......
,.# #...o.... # *
* #........ * ,,
#...o...., , ,, ,


You could see an orc priest.

Vanquished Creatures
  Sigmund (D:4)
  Duvessa (D:4)
  A black bear (D:4)
  A necrophage (D:4)
  Purgy (D:3)
  A lemure (D:5)
  Dowan (D:4)
  2 scorpions (D:4)
  An orc priest (D:3)
  Jessica (D:2)
  Ijyb (D:3)
  Natasha (thrice) (D:4)
  2 orc wizards (D:4)
  A hound skeleton (D:4)
  Robin (D:3)
  A gnoll (D:4)
  7 adders
  A white imp (D:4)
  2 adder skeletons
  3 dart slugs
  6 orcs
  6 ball pythons
  6 endoplasms
  3 giant cockroaches
  17 goblins
  4 hobgoblins
  3 kobolds
  4 quokkas
  5 bats
  A frilled lizard (D:2)
  A jackal skeleton (D:4)
  A quokka skeleton (D:4)
  6 rats
96 creatures vanquished.

Notes
Turn   | Place    | Note
-------+----------+-------------------------------------------
     0 | D:1      | Nattfarinn the Deep Dwarf Necromancer began the quest for
                  | the Orb.
     0 | D:1      | Reached XP level 1. HP: 15/15 MP: 3/3
   204 | D:1      | Reached XP level 2. HP: 14/22 MP: 0/5
   508 | D:1      | Found Sauzaos's Book Emporium.
   515 | D:1      | Reached skill level 5 in Necromancy
   957 | D:2      | Found a faded altar of an unknown god.
   986 | D:2      | Reached XP level 3. HP: 9/28 MP: 2/6
  1009 | D:2      | Learned a level 3 spell: Vampiric Draining
  1143 | D:2      | Noticed Jessica
  1150 | D:2      | Killed Jessica
  1151 | D:2      | Reached XP level 4. HP: 26/36 MP: 0/7
  1522 | D:3      | Noticed Purgy
  1524 | D:3      | Noticed Ijyb
  1536 | D:3      | Killed Purgy
  1537 | D:3      | Reached XP level 5. HP: 17/42 MP: 1/10
  1544 | D:3      | Killed Ijyb
  1956 | D:3      | Found a runed translucent door.
  1958 | D:3      | Noticed hemabe71's ghost (amateur HuAr)
  2254 | D:3      | Reached XP level 6. HP: 49/49 MP: 8/12
  2271 | D:3      | Noticed Robin
  2315 | D:3      | Killed Robin
  2722 | D:4      | Reached skill level 5 in Spellcasting
  2777 | D:4      | Reached XP level 7. HP: 55/55 MP: 9/15
  2935 | D:4      | Noticed Sigmund
  2948 | D:4      | Killed Sigmund
  2949 | D:4      | Reached skill level 1 in Armour
  2985 | D:4      | Found a staircase to the Ecumenical Temple.
  2994 | Temple   | Entered the Ecumenical Temple
  3033 | Temple   | Became a worshipper of Makhleb the Destroyer
  3195 | D:4      | Reached skill level 1 in Fighting
  3313 | D:4      | Noticed Natasha
  3316 | D:4      | Killed Natasha
  3347 | D:4      | Noticed Duvessa
  3347 | D:4      | Noticed Dowan
  3357 | D:4      | Killed Duvessa
  3367 | D:4      | Killed Dowan
  3368 | D:4      | Reached XP level 8. HP: 53/66 MP: 10/17
  3401 | D:4      | Found a glowing silver altar of Zin.
  3437 | D:4      | Noticed Natasha
  3469 | D:4      | Killed Natasha
  3704 | D:4      | Noticed Natasha
  3707 | D:4      | Killed Natasha
  3789 | D:5      | Entered Level 5 of the Dungeon
  3948 | D:5      | Killed from afar by an orc priest

Illustrated notes

Levels and vault maps discovered:
D:1:      amcnicky_arrival_gap_in_the_tavern_cellar, layout_rooms, serial_shops,
          shop, st_stairs_11, minivault_27
D:2:      layout_basic, hellmonk_ecumenical_altar_lost_god, uniq_jessica
D:3:      layout_basic, ebering_ghost_sewer_d, interstate_on_off,
          kennysheep_generic_room_8, uniq_robin, uniq_purgy, uniq_ijyb
D:4:      minmay_skewed_foursquare, layout_loops_ring, zin_scriptorium,
          minmay_temple_entry_arrows, uniq_sigmund, uniq_duvessa, uniq_natasha,
          uniq_crazy_yiuf_cottage
D:5:      layout_rooms, nicolae_overflow_crystal_walls,
          lemuel_coloured_pillars_altar, hangedman_glass_garden,
          uniq_prince_ribbit1, uniq_menkaure, uniq_pikel
Temple:   nicolae_temple_elliptical

Skill      XL: |  1  2  3  4  5  6  7 |
---------------+----------------------+-----
Spellcasting   | 2 3 4 5 6 |  6.0
Necromancy     | 5 6 |  6.0
Armour         | 3 |  3.5
Fighting       | 1 |  1.8
Dodging        | 4 |  4.3
Stealth        | |  2.4

Action                   |  1- 3 |  4- 6 |  7- 9 || total
-------------------------+-------+-------+-------++-------
Melee: Unarmed           |    37 |       |    17 ||    54
       Short sword       |       |    82 |   128 ||   210
 Cast: Pain              |    50 |       |       ||    50
       Vampiric Draining |     5 |    41 |    16 ||    62
Evoke: Wand              |       |       |     1 ||     1
  Use: Potion            |       |       |     4 ||     4
       Scroll            |       |       |     1 ||     1
 Stab: Sleeping          |     1 |     1 |       ||     2
Armor: Robe              |    13 |     5 |       ||    18
       Troll leather arm |       |    27 |    34 ||    61
Dodge: Dodged            |    56 |    66 |    85 ||   207

Table legend: (Time is in decaauts)
 A = Elapsed time spent in this place.
 B = Non-inter-level travel time spent in this place.
 C = Inter-level travel time spent in this place.
 D = Time resting spent in this place.
 E = Time spent auto-exploring this place.
 F = Levels seen in this place.
 G = Mean time per level.
                   A        B        C        D        E       F      G
               +--------+--------+--------+--------+--------+-----+--------+
         Total |   3964 |   3766 |    198 |    134 |   2738 |   6 |  660.7 |
       Dungeon |   3794 |   3628 |    166 |    134 |   2609 |   5 |  758.8 |
        Temple |    169 |    137 |     32 |      0 |    129 |   1 |  169.0 |
               +--------+--------+--------+--------+--------+-----+--------+

Top non-repeatable levels by time:
     D:3: 1327 daAuts
     D:4: 882 daAuts
     D:1: 837 daAuts
     D:2: 587 daAuts
  Temple: 169 daAuts
     D:5: 160 daAuts
